 Dungeon Sprint DCSS version 0.23.0 (webtiles) character file.

Game seed: 17278444214242195140

31600000 Fang the Conqueror (level 27, 249/249 HPs)
             Began as a Demonspawn Gladiator on Feb 11, 2019.
             Was the Champion of Makhleb.
             Escaped with the Orb!
             The game lasted 00:01:57 (158 turns).

Fang the Conqueror (Demonspawn Gladiator)            Turns: 158, Time: 00:01:57

Health: 249/249    AC:  6    Str: 32    XL:     27
Magic:  54/54      EV: 39    Int: 10    God:    Makhleb [******]
Gold:   0          SH:  0    Dex: 20    Spells: 80/80 levels left

rFire    . . .     SeeInvis +   l - +∞ Axe of Woe
rCold    + . .     Gourm    .   (shield currently unavailable)
rNeg     . . .     Faith    .   b - +0 leather armour
rPois    .         Spirit   .   (helmet unavailable)
rElec    .         Reflect  .   (no cloak)
rCorr    .         Harm     .   (no gloves)
MR       ++...     NoTele   +   (no boots)
Stlth    ++++......             (no amulet)
HPRegen  0.51/turn              (no ring)
MPRegen  0.34/turn              (no ring)

@: mighty, agile
A: antennae 3, cold resistance 1, demonic guardian 3, passive freeze, powered by
pain 3, freezing cloud immunity, sanguine armour 3
0: Orb of Zot
a: Minor Destruction, Lesser Servant of Makhleb, Major Destruction, Greater
Servant of Makhleb, Renounce Religion


You escaped.
You worshipped Makhleb.
Makhleb was exalted by your worship.
You were not hungry.

You visited 1 branch

Inventory:

Hand Weapons
 a - a +0 war axe
 l - the +∞ Axe of Woe (weapon)
   (You found it in the Dungeon)
Missiles
 d - 3 throwing nets (quivered)
Armour
 b - a +0 leather armour (worn)
 c - a +0 helmet
Scrolls
 k - a scroll of blinking
Potions
 e - a potion of curing
 g - a potion of heal wounds
 h - a potion of haste
 i - 2 potions of magic
 j - a potion of berserk rage
Comestibles
 f - a ration


   Skills:
 O Level 27 Fighting
 O Level 27 Axes
 O Level 27 Throwing
 O Level 27 Armour
 O Level 27 Dodging
 O Level 27 Stealth
 O Level 27 Unarmed Combat
 O Level 27 Spellcasting
 O Level 27 Invocations


You had 80 spell levels left.
You didn't know any spells.
Your spell library was empty.

Dungeon Overview and Level Annotations

Branches:
Dungeon (1/1)

Altars:
Makhleb


Innate Abilities, Weirdness & Mutations

You have a pair of large antennae on your head. (SInv)
Your flesh is cold resistant. (rC+)
A powerful demonic guardian rushes to your aid.
A frigid envelope surrounds you and freezes all who hurt you.
You are powered by pain.
You are immune to freezing clouds.
When seriously injured, your bleeding wounds create very thick armour. (AC +0)


Message History

You slash the meat berserker!
You dissect the meat berserker like a pig carcass.
You kill the meat berserker!
Makhleb accepts your kill.
You hear a shout!
You hear a shout!
Items here: )) == † a +9 war axe; a +30 ring of slaying; a +9 war axe; a +30 ring of slaying a bag of meat corpse You hear a shout! x4
A meat berserker comes into view. It is wielding a +9 battleaxe.
There is a burning altar of Makhleb here.
You hear a shout! x2
Things that are here:
a +9 war axe; a +30 ring of slaying; a bag of meat corpse A bag of meat comes into view.
It is wielding a +9 war axe.
You hear a shout! x6
There is a staircase leading out of the dungeon here.
You hear a shout! x2
You have escaped!

..........%.............
#..).))..............
...#.)).).).#.......#
......#))).{#..)))..#{
...#...)))###..))°..###.
.........)))%.)###.%....
...%...#.)))))o)_..O..%.
.....#....).)#o.)..#....
###.......%))#_)@._# ...
....#.....))#)))).#....
....%.#....).)._.......
........%..%###......
.......###.... ..###.
....... #......o# ......
#.......# .... .........
.#. ........o..


You could see a meat berserker (berserk) and 3 bags of meat.

Vanquished Creatures
  Dispater (D)
  2 vampire knights (D)
  18 ogres (D)
  5 two-headed ogres (D)
  85 orcs (D)
111 creatures vanquished.

Notes
Turn   | Place    | Note
-------+----------+-------------------------------------------
     0 | D        | Found the +∞ Axe of Woe
     0 | D        | Fang the Demonspawn Gladiator began the quest for the Orb.
     0 | D        | Reached XP level 1. HP: 16/16 MP: 1/1
     2 | D        | Noticed a bag of meat
     2 | D        | Noticed a bag of meat
     4 | D        | Became a worshipper of Makhleb the Destroyer
     5 | D        | Noticed a bag of meat
     6 | D        | Noticed a bag of meat
     6 | D        | Noticed a bag of meat
     6 | D        | Noticed a bag of meat
     9 | D        | Killed a bag of meat
     9 | D        | Gained mutation: When seriously injured, your bleeding
                  | wounds create armour. (AC +0) [demonic ancestry]
     9 | D        | Reached XP level 2. HP: 43/43 MP: 2/2
     9 | D        | Reached XP level 3. HP: 49/49 MP: 3/3
     9 | D        | Reached XP level 4. HP: 56/56 MP: 4/4
     9 | D        | Gained mutation: When seriously injured, your bleeding
                  | wounds create thick armour. (AC +0) [demonic ancestry]
     9 | D        | Reached XP level 5. HP: 62/62 MP: 5/5
     9 | D        | Gained mutation: You have a pair of small antennae on your
                  | head. [demonic ancestry]
     9 | D        | Reached XP level 6. HP: 69/69 MP: 6/6
     9 | D        | Gained mutation: You have a pair of antennae on your head.
                  | [demonic ancestry]
     9 | D        | Reached XP level 7. HP: 75/75 MP: 7/7
     9 | D        | Gained mutation: A weak demonic guardian rushes to your
                  | aid. [demonic ancestry]
     9 | D        | Reached XP level 8. HP: 82/82 MP: 8/8
     9 | D        | Reached XP level 9. HP: 88/88 MP: 9/9
     9 | D        | Gained mutation: You sometimes gain a little power by
                  | taking damage. [demonic ancestry]
     9 | D        | Reached XP level 10. HP: 95/95 MP: 10/10
     9 | D        | Reached XP level 11. HP: 101/101 MP: 11/11
    10 | D        | Killed a bag of meat
    10 | D        | Reached * piety under Makhleb
    10 | D        | Reached skill level 15 in Axes
    10 | D        | Reached skill level 15 in Throwing
    10 | D        | Reached skill level 15 in Dodging
    10 | D        | Gained mutation: When seriously injured, your bleeding
                  | wounds create very thick armour. (AC +0) [demonic ancestry]
    10 | D        | Reached XP level 12. HP: 113/113 MP: 12/12
    10 | D        | Noticed a bag of meat
    10 | D        | Noticed a bag of meat
    11 | D        | Killed a bag of meat
    11 | D        | Reached XP level 13. HP: 122/122 MP: 13/13
    11 | D        | Killed a bag of meat
    11 | D        | Gained mutation: You sometimes gain power by taking damage.
                  | [demonic ancestry]
    11 | D        | Reached XP level 14. HP: 133/133 MP: 14/14
    11 | D        | Noticed a bag of meat
    11 | D        | Noticed a bag of meat
    11 | D        | Noticed a bag of meat
    11 | D        | Noticed a bag of meat
    12 | D        | Noticed a bag of meat
    13 | D        | Killed a bag of meat
    13 | D        | Reached ** piety under Makhleb
    14 | D        | Killed a bag of meat
    14 | D        | Reached XP level 15. HP: 144/144 MP: 15/15
    16 | D        | Reached *** piety under Makhleb
    16 | D        | Gained mutation: You have a pair of large antennae on your
                  | head. (SInv) [demonic ancestry]
    16 | D        | Reached XP level 16. HP: 157/157 MP: 16/16
    17 | D        | Noticed a meat berserker
    18 | D        | Reached **** piety under Makhleb
    18 | D        | Gained mutation: You are powered by pain. [demonic
                  | ancestry]
    18 | D        | Reached XP level 17. HP: 169/169 MP: 17/17
    22 | D        | Killed a meat berserker
    22 | D        | Reached skill level 27 in Fighting
    25 | D        | Noticed a meat berserker
    26 | D        | Reached ***** piety under Makhleb
    26 | D        | Reached XP level 18. HP: 174/182 MP: 18/18
    28 | D        | Noticed a meat berserker
    29 | D        | Reached skill level 27 in Axes
    29 | D        | Reached skill level 27 in Throwing
    29 | D        | Reached skill level 27 in Dodging
    29 | D        | Reached skill level 5 in Armour
    29 | D        | Reached skill level 5 in Unarmed Combat
    29 | D        | Reached skill level 5 in Spellcasting
    30 | D        | Killed a meat berserker
    30 | D        | Reached skill level 10 in Armour
    30 | D        | Reached skill level 10 in Unarmed Combat
    30 | D        | Reached skill level 10 in Spellcasting
    30 | D        | Gained mutation: A demonic guardian rushes to your aid.
                  | [demonic ancestry]
    30 | D        | Reached XP level 19. HP: 189/189 MP: 18/33
    33 | D        | Killed a meat berserker
    33 | D        | Reached skill level 15 in Stealth
    33 | D        | Noticed a meat berserker
    35 | D        | Reached skill level 15 in Armour
    35 | D        | Reached skill level 15 in Unarmed Combat
    35 | D        | Reached skill level 15 in Spellcasting
    36 | D        | Noticed a destroyer
    37 | D        | Killed a meat berserker
    37 | D        | Gained mutation: Your flesh is cold resistant. (rC+)
                  | [demonic ancestry]
    37 | D        | Reached XP level 20. HP: 197/197 MP: 19/41
    38 | D        | Killed a destroyer
    38 | D        | Noticed a meat berserker
    39 | D        | Noticed a meat berserker
    40 | D        | Reached ****** piety under Makhleb
    41 | D        | Noticed a large bag of meat
    42 | D        | Reached skill level 27 in Invocations
    42 | D        | Gained mutation: You are immune to freezing clouds.
                  | [demonic ancestry]
    42 | D        | Reached XP level 21. HP: 204/204 MP: 20/46
    46 | D        | Reached XP level 22. HP: 212/212 MP: 21/50
    46 | D        | Reached skill level 27 in Stealth
    48 | D        | Reached skill level 27 in Armour
    48 | D        | Reached skill level 27 in Unarmed Combat
    48 | D        | Reached skill level 27 in Spellcasting
    50 | D        | Noticed a destroyer
    51 | D        | Gained mutation: A frigid envelope surrounds you and
                  | freezes all who hurt you. [demonic ancestry]
    51 | D        | Reached XP level 23. HP: 219/219 MP: 22/54
    52 | D        | Killed a large bag of meat
    56 | D        | Gained mutation: A powerful demonic guardian rushes to your
                  | aid. [demonic ancestry]
    56 | D        | Reached XP level 24. HP: 225/227 MP: 37/54
    56 | D        | Killed a destroyer
    56 | D        | Noticed a large bag of meat
    59 | D        | Reached XP level 25. HP: 234/234 MP: 51/54
    69 | D        | Reached XP level 26. HP: 242/242 MP: 54/54
    70 | D        | Killed a large bag of meat
    79 | D        | Reached XP level 27. HP: 249/249 MP: 54/54
    92 | D        | Noticed a large bag of meat
   103 | D        | Killed a large bag of meat
   121 | D        | Noticed a large bag of meat
   122 | D        | Noticed a large bag of meat
   127 | D        | Killed a large bag of meat
   128 | D        | Killed a large bag of meat
   147 | D        | Noticed The Meatlord
   150 | D        | Killed The Meatlord
   151 | D        | Got the Orb of Zot
   158 | D        | Escaped with the Orb!

Skill      XL: |  1  2  3  4  5  6  7  8  9 10 11 12 13 14 15 16 17 18 19 20 21 22 |
---------------+-------------------------------------------------------------------+-----
Fighting       | 14 16 18 19 21 23 25 27 | 27.0
Axes           | 13 15 17 18 19 21 23 26 27 | 27.0
Throwing       | 13 15 16 18 19 21 23 26 27 | 27.0
Dodging        | 13 15 17 18 19 21 23 26 27 | 27.0
Armour         | 10 17 21 24 27 | 27.0
Stealth        | 11 18 22 26 27 | 27.0
Unarmed Combat | 10 17 21 24 27 | 27.0
Spellcasting   | 10 17 21 24 27 | 27.0
Invocations    | 14 22 27 | 27.0

Action                   |  1- 3 |  4- 6 |  7- 9 | 10-12 | 13-15 | 16-18 | 19-21 | 22-24 | 25-27 || total
-------------------------+-------+-------+-------+-------+-------+-------+-------+-------+-------++-------
Melee: Executioner's axe |     1 |       |       |     2 |     4 |     8 |    10 |    12 |    49 ||    86
Dodge: Dodged            |       |       |       |       |       |     1 |       |       |     4 ||     5
